 Dungeon Crawl Stone Soup version 0.26.1-11-gd32895ea62 (webtiles) character file.

Game seed: 13838217811763288048

23964 Fusha the Covert (level 13, -10/96 HPs)
             Began as a Human Brigand on June 4, 2021.
             Was a High Priest of Dithmenos.
             Mangled by a six-headed hydra (13 damage)
             ... on level 4 of the Lair of Beasts.
             The game lasted 01:14:48 (14114 turns).

Fusha the Covert (Human Brigand)                   Turns: 14114, Time: 01:14:49

Health: -10/96     AC: 12    Str: 11    XL:     13   Next: 39%
Magic:  4/4        EV: 16    Int: 11    God:    Dithmenos [*****.]
Gold:   603        SH: 11    Dex: 19    Spells: 12/12 levels left

rFire    + + +     SeeInvis +   n - +3 dagger (elec)
rCold    . . .     Faith    .   g - +0 kite shield {rN+}
rNeg     + . .     Spirit   .   T - +1 robe of Defiance {rPois Dex-2 Stlth+}
rPois    +         Reflect  .   S - +1 helmet {SInv}
rElec    .         Harm     .   c - +0 cloak
rCorr    .         Rampage  .   G - +2 pair of gloves
Will     .....     Rnd*Tele +   J - +0 pair of boots Stlth **++++++++
                                w - amulet of regeneration
HPRegen  0.66/turn              m - ring of stealth
MPRegen  0.09/turn              F - ring of Cere {*Tele rPois rF+++ MP-9 Slay+3}

@: about to teleport, slowed, wreathed by umbra, very slow
A: no striking features
a: Renounce Religion, Shadow Step, Shadow Form


You were on level 4 of the Lair of Beasts.
You worshipped Dithmenos.
Dithmenos was extremely pleased with you.
You visited 2 branches of the dungeon, and saw 13 of its levels.
You also visited: Sewer and Ossuary.

You collected 850 gold pieces.
You spent 247 gold pieces at shops.

Inventory:

Hand Weapons
 a - a +2 dagger
 n - a +3 dagger of electrocution (weapon)
 B - a +2 vampiric dagger
 O - a cursed -3 quick blade
 U - a +2 long sword of protection
Missiles
 d - 50 poisoned darts
 e - 5 throwing nets
 t - 20 boomerangs (quivered)
 M - 2 curare-tipped darts
Armour
 c - a +0 cloak (worn)
 g - a +0 kite shield of positive energy (worn)
 G - a +2 pair of gloves (worn)
 J - a +0 pair of boots (worn)
 S - a +1 helmet of see invisible (worn)
 T - the +1 robe of Defiance (worn) {rPois Dex-2 Stlth+}
   (You found it on level 9 of the Dungeon)

   It affects your dexterity (-2).
   It protects you from poison.
   It makes you more stealthy.
Jewellery
 m - a ring of stealth (left hand)
 w - an amulet of regeneration (around neck)
 F - the ring of Cere (right hand) {*Tele rPois rF+++ MP-9 Slay+3}
   (You found it on level 5 of the Dungeon)

   [ring of teleportation]

   It may teleport you next to monsters.
   It affects your accuracy and damage with ranged weapons and melee attacks
   (+3).
   It renders you almost immune to fire.
   It protects you from poison.
   It affects your magic capacity (-9).
 P - an uncursed ring of willpower
 Q - an uncursed ring of flight
Wands
 u - a wand of paralysis (8)
 I - a wand of enslavement (20)
 L - a wand of acid (14)
 N - a wand of flame (37)
Scrolls
 h - 2 scrolls of amnesia
 j - 6 scrolls of teleportation
 k - a scroll of blinking {unknown}
 l - 4 scrolls of remove curse
 q - 4 scrolls of fear {unknown}
 r - 5 scrolls of magic mapping
 s - 6 scrolls of fog {unknown}
 y - a scroll of enchant armour {unknown}
 H - 2 scrolls of immolation
 R - a scroll of identify
Potions
 b - 2 potions of cancellation
 f - 6 potions of lignification
 i - a potion of might
 o - a potion of brilliance
 p - 11 potions of curing
 v - a potion of berserk rage
 x - a potion of mutation
 z - 5 potions of attraction
 A - 9 potions of heal wounds
 C - a potion of ambrosia
 D - 3 potions of magic
 E - 2 potions of resistance
 K - 5 potions of haste


   Skills:
 + Level 7.1 Fighting
 - Level 10.0 Short Blades
 + Level 6.7 Throwing
 - Level 7.7 Armour
 + Level 6.9 Dodging
 + Level 11.9 Stealth
 + Level 8.5 Shields
 + Level 2.4 Evocations


You had 12 spell levels left.
You didn't know any spells.
Your spell library contained the following spells:

 Spells                   Type           Power        Failure   Level
 Foxfire                  Conj/Fire      0%           63%         1
 Conjure Flame            Conj/Fire      0%           94%         3
 Inner Flame              Hex/Fire       0%           94%         3
 Cause Fear               Hex            0%           100%        4
 Sticky Flame             Conj/Fire      0%           100%        4
 Fireball                 Conj/Fire      0%           100%        5
 Silence                  Hex/Air        0%           100%        5
 Yara's Violent Unravell  Hex/Tmut       0%           100%        5
 Discord                  Hex            0%           100%        8


Dungeon Overview and Level Annotations

Branches:
Dungeon (9/15)             Temple (0/1) D:4            Lair (4/6) D:9
  Swamp (0/4) Lair:4       Spider (0/4) Lair:2        Sewer (visited)
Ossuary (visited)
    Orc: D:9-12

Altars:
Dithmenos
Elyvilon
Fedhas
Nemelex Xobeh
Okawaru
The Shining One

Shops:
D:4 *!}   D:5 [   D:7 !!

Annotations:
D:4 Good shops


Message History

You block the six-headed hydra's attack. x3
The six-headed hydra closely misses you.
The six-headed hydra bites you!
As you read the scroll of teleportation, it crumbles to dust.
You feel strangely unstable.
You block the six-headed hydra's attack. x2
The six-headed hydra bites you!
* * * LOW HITPOINT WARNING * * *
The six-headed hydra bites you.
* * * LOW HITPOINT WARNING * * *
You block the six-headed hydra's attack.
The six-headed hydra closely misses you.
The six-headed hydra barely misses you. The six-headed hydra bites you.
* * * LOW HITPOINT WARNING * * *
The six-headed hydra bites you!
* * * LOW HITPOINT WARNING * * *
The six-headed hydra bites you!
* * * LOW HITPOINT WARNING * * *
The six-headed hydra misses you. The six-headed hydra bites you!
You die...

...#
#.P.................#
#.... (..#
#P.................##
#.... ...#
#.....[.............#
##... ....
##..............###.#
##... ####....#......# ##
#.... ######......###
#.... ## ###.....#..#.
#....
...###.##.##......###P...
.......D@## ............
.........# .........#..
...[...w## ..........##
.....YYY# .........###
.......Y# .........##.
.#.##P... .#.......... #
#.... ##......... #....Y
#......... ##....
#...(......


You could see a six-headed hydra, a torpor snail and 4 yaks.

Vanquished Creatures
  The ghost of koorschki the Cleaver, a journeyman DsFi of Okawaru (Lair:3)
  The ghost of Junaliek the Protected, a journeyman MiFi of Okawaru (Lair:2)
  Harold (D:7)
  4 hydras
  4 death yaks (Lair:4)
  2 moths of wrath (Lair:3)
  2 black mambas
  7 cane toads
  Maurice (D:8)
  A rime drake (Lair:3)
  2 komodo dragons (Lair:1)
  A demonic crawler (Lair:2)
  15 blink frogs
  3 basilisks
  14 yaks
  2 wyverns
  A steam dragon (Lair:4)
  Menkaure (D:5)
  7 water moccasins
  2 orc warriors
  2 sky beasts
  A black bear (Lair:1)
  An ice beast (D:6)
  A phantom (D:7)
  3 ogres
  9 wolves (Lair:3)
  3 centaurs
  A big kobold (D:6)
  20 bullfrogs
  5 scorpions
  4 howler monkeys
  2 electric eels (Lair:1)
  2 centaur zombies
  2 bullfrog zombies
  6 hounds
  2 centaur skeletons (D:5)
  2 jellies
  3 orc priests
  2 orc wizards
  2 bullfrog skeletons
  5 iguanas
  6 worker ants
  A killer bee zombie (D:6)
  6 big kobold zombies (Ossuary)
  A mummy (Ossuary)
  A worker ant zombie (D:5)
  Robin (D:2)
  3 gnolls (D:9)
  5 river rats
  15 adders
  A shadow imp (D:6)
  8 white imps
  An ufetubus (D:5)
  An adder zombie (D:9)
  3 adder skeletons (D:4)
  6 worms
  The ghost of MatrixGlitch the Sneak, a weakling HODe (D:5)
  2 dart slugs
  10 leopard geckos
  11 orcs
  4 spectral bats (Ossuary)
  12 giant cockroaches
  6 gnoll zombies (Ossuary)
  12 goblins
  11 hobgoblins
  6 jackals (D:4)
  14 kobolds
  6 quokkas
  17 ball pythons
  10 bats
  3 bat simulacra (Ossuary)
  7 frilled lizards
  2 goblin simulacra (Ossuary)
  A goblin zombie (Ossuary)
  5 hobgoblin zombies (Ossuary)
  2 kobold simulacra (Ossuary)
  8 kobold zombies (Ossuary)
  A leopard gecko skeleton (D:4)
  4 orc zombies (Ossuary)
  A quokka skeleton (D:7)
  2 quokka zombies (D:5)
  29 rats
  4 rat simulacra (Ossuary)
  3 spectral goblins (Ossuary)
  4 spectral kobolds (Ossuary)
  3 spectral rats (Ossuary)
410 creatures vanquished.

Vanquished Creatures (others)
  44 fungi
  51 plants
95 creatures vanquished.

Grand Total: 505 creatures vanquished

Notes
Turn   | Place    | Note
-------+----------+-------------------------------------------
     0 | D:1      | Fusha the Human Brigand began the quest for the Orb.
     0 | D:1      | Reached XP level 1. HP: 16/16 MP: 1/1
   205 | D:1      | Reached XP level 2. HP: 22/22 MP: 2/2
   856 | D:1      | Reached XP level 3. HP: 4/27 MP: 3/3
  1432 | D:2      | Reached skill level 5 in Stealth
  1463 | D:2      | Reached XP level 4. HP: 31/34 MP: 4/4
  2359 | D:2      | Noticed Robin
  2383 | D:2      | Reached XP level 5. HP: 39/39 MP: 5/5
  2444 | D:2      | Killed Robin
  2635 | D:3      | Reached skill level 1 in Shields
  2688 | D:3      | Found a glowing golden altar of the Shining One.
  2749 | D:3      | Found a faded altar of an unknown god.
  3266 | D:3      | Reached XP level 6. HP: 46/46 MP: 6/6
  3308 | D:4      | Found Giatoxt's Distillery.
  3312 | D:4      | Bought a potion of attraction for 36 gold pieces
  3312 | D:4      | Bought a potion of heal wounds for 60 gold pieces
  3414 | D:4      | Found Oxarar's General Store.
  3620 | D:4      | Reached skill level 1 in Armour
  3620 | D:4      | Reached XP level 7. HP: 51/51 MP: 7/7
  3626 | D:4      | Found a shadowy altar of Dithmenos.
  3636 | D:4      | Became a worshipper of Dithmenos the Shadowed
  3683 | D:4      | Found Attet's Gadget Shop.
  3770 | D:4      | Found a staircase to the Ecumenical Temple.
  4116 | D:4      | Bought a potion of heal wounds for 60 gold pieces
  4116 | D:4      | Bought a potion of lignification for 36 gold pieces
  4128 | D:5      | Entered Level 5 of the Dungeon
  4182 | D:5      | Found a sand-covered staircase.
  4199 | Ossuary  | Entered an ossuary
  4296 | Ossuary  | Reached * piety under Dithmenos
  4329 | Ossuary  | Reached skill level 6 in Stealth
  4540 | Ossuary  | Reached ** piety under Dithmenos
  4705 | D:5      | Reached XP level 8. HP: 58/58 MP: 8/8
  4797 | D:5      | Reached skill level 5 in Short Blades
  4815 | D:5      | Found a blossoming altar of Fedhas.
  4832 | D:5      | Found a runed translucent gate.
  4833 | D:5      | Found a runed translucent gate.
  4833 | D:5      | Found a runed translucent gate.
  4836 | D:5      | Noticed MatrixGlitch's ghost (weakling HODe)
  4852 | D:5      | Killed MatrixGlitch's ghost
  4892 | D:5      | Noticed Menkaure
  4899 | D:5      | Killed Menkaure
  4900 | D:5      | Reached skill level 7 in Stealth
  5175 | D:5      | Found Ostakh's Antique Armour Boutique.
  5189 | D:5      | Got a clouded iron ring
  5190 | D:5      | Identified the ring of Cere {*Tele rPois rF+++ MP-9 Slay+3}
                  | (You found it on level 5 of the Dungeon)
  5463 | D:6      | Reached XP level 9. HP: 64/64 MP: 0/9
  5586 | D:6      | Found a white marble altar of Elyvilon.
  5595 | D:6      | Found an iron altar of Okawaru.
  5680 | D:6      | Found a glowing drain.
  5684 | Sewer    | Entered a sewer
  5724 | Sewer    | Reached *** piety under Dithmenos
  5864 | Sewer    | Reached skill level 8 in Stealth
  5973 | Sewer    | Reached **** piety under Dithmenos
  6600 | D:7      | Noticed Harold
  6613 | D:7      | Reached XP level 10. HP: 71/71 MP: 1/10
  6636 | D:7      | Killed Harold
  6637 | D:7      | Reached skill level 5 in Throwing
  6637 | D:7      | Reached skill level 5 in Shields
  6784 | D:7      | Found Hyubby's Antique Weapon Boutique.
  6885 | D:7      | Found Ywiad's Distillery.
  6895 | D:7      | Bought a potion of heal wounds for 55 gold pieces
  6909 | D:7      | Found Huomet's Distillery.
  7467 | D:8      | Reached skill level 5 in Armour
  7538 | D:8      | Noticed Maurice
  7648 | D:8      | Killed Maurice
  7873 | D:8      | Found a sparkling altar of Nemelex Xobeh.
  8123 | D:9      | Reached skill level 9 in Stealth
  8298 | D:9      | Found a staircase to the Lair.
  8350 | D:9      | Reached XP level 11. HP: 76/78 MP: 2/11
  8718 | D:9      | Got a dull robe
  8729 | D:9      | Identified the +1 robe of Defiance {rPois Dex-2 Stlth+}
                  | (You found it on level 9 of the Dungeon)
  9282 | Lair:1   | Entered Level 1 of the Lair of Beasts
  9303 | Lair:1   | Reached skill level 5 in Fighting
  9561 | Lair:1   | Noticed a seven-headed hydra
  9562 | Lair:1   | Killed a seven-headed hydra
 10358 | Lair:1   | Reached skill level 10 in Stealth
 10849 | Lair:2   | Noticed an eight-headed hydra
 10851 | Lair:2   | Killed an eight-headed hydra
 10864 | Lair:2   | Found a hole to the Spider Nest.
 10989 | Lair:2   | Reached XP level 12. HP: 86/87 MP: 3/12
 11102 | Lair:2   | Reached ***** piety under Dithmenos
 11131 | Lair:2   | Found a runed translucent door.
 11136 | Lair:2   | Noticed Junaliek's ghost (journeyman MiFi)
 11171 | Lair:2   | Killed Junaliek's ghost
 11172 | Lair:2   | Reached skill level 5 in Dodging
 11924 | Lair:3   | Noticed a four-headed hydra
 11993 | Lair:3   | Found a transporter.
 12005 | Lair:3   | Killed a four-headed hydra
 12006 | Lair:3   | Reached skill level 11 in Stealth
 12022 | Lair:3   | Reached skill level 1 in Evocations
 12104 | Lair:3   | Noticed koorschki's ghost (journeyman DsFi)
 12119 | Lair:3   | Found a transporter.
 12210 | Lair:3   | Killed koorschki's ghost
 12632 | Lair:3   | Reached skill level 10 in Short Blades
 12711 | Lair:3   | Reached XP level 13. HP: 54/94 MP: 4/13
 12847 | Lair:3   | Noticed a six-headed hydra
 12851 | Lair:3   | Killed a six-headed hydra
 13506 | Lair:4   | Found a staircase to the Swamp.
 14109 | Lair:4   | Noticed a six-headed hydra
 14114 | Lair:4   | HP: 3/96 [six-headed hydra (10)]
 14114 | Lair:4   | Mangled by a six-headed hydra

Illustrated notes

Levels and vault maps discovered:
D:1:      scummos_arrival_simple_crosswalls, layout_loops_ring, serial_forest,
          infiniplex_forest_end_2, infiniplex_forest_clump_medium,
          infiniplex_forest_end_2, infiniplex_forest_lined_4_way,
          infiniplex_forest_3_way, infiniplex_forest_clump_long
D:2:      layout_rooms, minivault_11, minmay_misc_feat_secret_circle,
          minmay_surrounded, uniq_robin
D:3:      layout_loops_ring, serial_glass, glass_columns_a, glass_columns_b,
          chequers_ecumenical_altar_simple_redux, tso_metal_star
D:4:      layout_loops_cross, minmay_temple_entry_purple_smoke, serial_shops,
          nicolae_shop_crystal, kennysheep_mini, shop,
          nicolae_dithmenos_shadow_blocks
D:5:      layout_basic, gammafunk_ghost_necromancy, serial_shops, shop,
          enter_ossuary_4, fedhas_ov_isle_minmay, uniq_menkaure
D:6:      layout_cave_pools, basic_altar, gup_sewer_entry_spiral,
          serial_park_tiny_2, okawaru_ov_weapons_minmay
D:7:      layout_loops_cross, serial_shops, kennysheep_mini_moat,
          nicolae_shop_stone, nicolae_shop_overgrown_old_shop, uniq_harold
D:8:      layout_cave_pools, marbit_many_paths, kennysheep_generic_room_6,
          uniq_maurice
D:9:      layout_layer_cave, due_lair_maze_entry_diamond
Lair:1:   layout_gridlike, grunt_megastairs_4
Lair:2:   layout_roguey, nicolae_spider_entry_non_spiders,
          ebering_ghost_reflecting_pool, serial_rivers,
          chequers_serial_rivers_room_b, chequers_serial_rivers_room_b,
          chequers_serial_rivers_room_b, chequers_serial_rivers_micro_a,
          serial_bayou_shore_b
Lair:3:   layout_cave_pods, gammafunk_ghost_berserking_beasts
Lair:4:   layout_cellular_growth, swamp_mist

Skill      XL: |  1  2  3  4  5  6  7  8  9 10 11 12 13 |
---------------+----------------------------------------+-----
Stealth        | 5 6 7 8 9 10 11 | 11.9
Shields        | 1 2 3 4 5 6 7 8 |  8.5
Short Blades   | 3 4 5 6 7 9 10 | 10.0
Throwing       | 3 4 5 6 |  6.7
Armour         | 1 2 4 5 7 |  7.7
Dodging        | 2 3 4 5 6 |  6.9
Fighting       | 3 4 5 6 7 |  7.1
Evocations     | 1 2 |  2.4

Action                   |  1- 3 |  4- 6 |  7- 9 | 10-12 | 13-15 || total
-------------------------+-------+-------+-------+-------+-------++-------
Melee: Dagger            |    89 |   249 |   445 |   568 |   115 ||  1466
Throw: Dart              |     9 |    52 |    34 |    23 |     5 ||   123
       Boomerang         |       |       |       |    15 |     7 ||    22
Evoke: Wand              |       |       |       |     6 |    15 ||    21
  Use: Scroll            |     1 |     4 |     9 |    10 |     1 ||    25
       Potion            |     1 |       |       |     3 |       ||     4
 Stab: Sleeping          |     4 |    13 |    38 |    33 |     1 ||    89
       Distracted        |       |       |     2 |     2 |       ||     4
Armor: Robe              |    11 |    43 |       |    22 |    10 ||    86
       Skin              |     9 |       |       |     1 |       ||    10
       Scale mail        |       |    45 |   150 |   102 |       ||   297
Dodge: Dodged            |    41 |    74 |    98 |   131 |    36 ||   380
Block: Kite shield       |    23 |    82 |   162 |   158 |    41 ||   466
